Map: Ley Lines

Players

KimChiLoVer - Winner!

  • Race: Terran Terran
  • Spawn Location: 1:00

A.I. 1 (Very Hard)

  • Race: Terran Terran
  • Spawn Location: 7:00

VOD

Have the link to the VOD?

Description

Time

  • Played on: Aug. 8, 2025, 7:52 p.m.
  • Length: 11:00
Show
View Real Time Build Order
Export as new Build Order

KimChiLoVer Terran - Winner!

Build Orders: Reaper Expand 

Get SALT Encoding   

  12  0:00  SCV  
  13  0:12  SCV  
  14  0:17  Supply Depot  
  14  0:24  SCV  
  15  0:39  SCV  
  15  0:40  Barracks  
  16  0:45  Refinery  
  16  0:51  SCV  
  17  1:03  SCV  
  18  1:15  SCV  
  19  1:27  Orbital Command  
  19  1:29  Reaper  
  20  1:40  Command Center  
  20  1:50  Supply Depot  
  20  1:53  SCV  
  21  2:04  Factory, Marine  
  22  2:10  Refinery, SCV  
  23  2:22  SCV  
  24  2:24  Barracks Reactor  
  24  2:34  SCV  
  25  2:41  Barracks  
  25  2:44  Barracks  
  25  2:47  SCV  
  25  2:49  Factory Tech Lab  
  26  2:54  Orbital Command  
  26  2:59  SCV  
  26  3:01  Marine x2  
  29  3:11  SCV  
  30  3:22  Marine x2  
  32  3:32  Supply Depot  
  32  3:33  SCV  
  34  3:34  SCV  
  34  3:44  Command Center  
  34  3:45  Marine, SCV  
  36  3:49  Stimpack  
  36  3:54  SCV  
  37  3:57  SCV  
  37  4:02  Engineering Bay  
  38  4:05  Starport  
  38  4:06  Factory Reactor  
  38  4:10  Marine x2  
  38  4:13  Marine  
  38  4:16  SCV  
  42  4:18  SCV  
  42  4:19  Marine  
  44  4:28  SCV  
  44  4:29  Engineering Bay, Terran Infantry Weapons Level 1  
  45  4:35  SCV  
  45  4:37  Marine x2  
  48  4:39  Barracks Reactor  
  48  4:40  SCV  
  49  4:47  SCV, Supply Depot  
  49  4:51  Supply Depot  
  49  4:52  SCV  
  51  4:58  Orbital Command  
  51  5:02  Medivac x2  
  51  5:04  Marine x2  
  51  5:05  SCV  
  51  5:06  SCV  
  59  5:10  Factory Tech Lab  
  59  5:16  Supply Depot  
  59  5:17  SCV  
  59  5:18  Terran Infantry Armor Level 1, SCV  
  59  5:19  Supply Depot  
  61  5:22  Armory  
  61  5:24  Marine x2  
  61  5:27  Orbital Command  
  63  5:31  Barracks  
  63  5:38  Barracks, SCV  
  63  5:42  Refinery  
  64  5:43  Siege Tank, Refinery  
  67  5:51  Marine x3  
  67  5:53  Combat Shield, Marine x2  
  72  5:57  Medivac  
  72  6:01  SCV  
  75  6:05  SCV x2  
  77  6:13  SCV  
  77  6:14  Marine  
  77  6:15  Marine x4  
  77  6:17  SCV  
  84  6:19  SCV  
  84  6:23  Barracks Tech Lab  
  85  6:25  SCV  
  85  6:28  Barracks Tech Lab  
  85  6:29  SCV  
  85  6:31  SCV  
  85  6:32  Marine x2  
  86  6:33  Marauder, Marine x2  
  81  6:45  SCV  
  81  6:47  SCV x2  
  82  6:49  Concussive Shells  
  82  6:50  Marine x5  
  82  6:51  Medivac, Marauder  
  82  6:52  Medivac  
  82  6:53  Terran Infantry Weapons Level 2  
  93  6:55  Marauder  
  93  6:57  SCV  
  93  6:59  SCV x2  
  98  7:01  Barracks  
  98  7:03  Barracks  
  98  7:08  Marine x3  
  99  7:15  Barracks  
  101  7:19  Marauder, Marine, SCV x3  
  101  7:21  Supply Depot  
  107  7:23  Supply Depot  
  107  7:25  Supply Depot  
  107  7:27  Marauder  
  109  7:39  Terran Infantry Armor Level 2, Siege Tank, Marine x2, SCV  
  109  7:40  Marauder  
  109  7:41  Marauder, Marine x2, Terran Vehicle And Ship Armor Level 1  
  121  7:45  Refinery  
  121  7:46  Refinery  
  121  7:48  Marauder  
  123  7:51  Barracks Tech Lab, SCV  
  123  7:53  Barracks Reactor  
  123  7:56  SCV  
  123  7:57  Marine  
  126  8:01  Marauder  
  126  8:03  Marauder  
  130  8:09  Command Center, SCV  
  130  8:10  SCV  
  130  8:11  SCV  
  130  8:12  Medivac  
  135  8:14  Barracks Reactor  
  135  8:15  Marine  
  135  8:16  Marine, Marauder  
  139  8:20  Siege Tank  
  139  8:22  SCV  
  139  8:23  SCV  
  144  8:39  Marauder x2, Marine  
  149  8:45  Marine  
  149  8:51  Starport  
  149  8:56  Factory  
  149  9:00  Viking, Siege Tank, Marine x7, Marauder  
  149  9:01  Marauder  
  165  9:03  Supply Depot  
  165  9:05  Supply Depot x2  
  165  9:06  Supply Depot  
  165  9:20  Marine  
  161  9:43  Marauder x2  
  161  9:44  Marauder x2, Marine x8  
  151  10:01  Marine  
  151  10:02  Factory Tech Lab, Marine x7  
  151  10:04  Marine  
  151  10:05  Marauder x2, Marine  
  151  10:06  Starport Reactor  
  165  10:07  Liberator  
  168  10:19  Marine x3  
  168  10:20  Marine  
  172  10:23  Marauder x2  
  172  10:26  Marauder  
  178  10:29  Marine  
  178  10:30  Marine x4  
  183  10:37  Marine x4  
Show
View Real Time Build Order
Export as new Build Order

A.I. 1 (Very Hard) Terran 

Build Orders: 2 Factory, Mech 

Get SALT Encoding   

  12  0:00  SCV  
  13  0:13  SCV  
  14  0:18  Supply Depot  
  14  0:25  SCV  
  15  0:40  SCV  
  16  0:43  Barracks  
  16  0:52  SCV  
  17  1:04  SCV  
  18  1:16  SCV  
  18  1:17  Supply Depot  
  19  1:22  Refinery  
  19  1:28  SCV  
  19  1:30  Marine  
  21  1:40  SCV  
  22  1:48  Marine  
  22  1:49  Refinery  
  22  1:52  SCV  
  24  2:04  SCV  
  24  2:06  Marine  
  26  2:16  SCV  
  26  2:20  Factory  
  27  2:24  Marine  
  27  2:28  SCV  
  29  2:40  Factory, SCV  
  29  2:41  Marine  
  30  2:47  Supply Depot  
  30  2:53  SCV  
  31  3:04  Factory Tech Lab  
  31  3:05  Orbital Command  
  31  3:08  Marine  
  32  3:24  Factory Tech Lab  
  32  3:26  Marine  
  33  3:30  SCV  
  34  3:42  Barracks  
  34  3:43  SCV  
  35  3:55  SCV, Supply Depot  
  36  4:07  SCV  
  37  4:16  Siege Tank x2  
  43  4:19  SCV  
  43  4:21  Supply Depot  
  45  4:31  SCV  
  45  4:32  Barracks  
  45  4:42  Marine, Supply Depot  
  45  4:43  SCV  
  47  4:48  Siege Tank  
  50  4:55  SCV  
  51  5:01  Supply Depot  
  51  5:04  Hellion  
  53  5:07  SCV  
  54  5:14  Infernal Pre-Igniter  
  54  5:15  Barracks Tech Lab  
  54  5:19  SCV  
  54  5:20  Siege Tank  
  58  5:24  Command Center, Factory  
  58  5:25  Hellion  
  60  5:31  SCV  
  60  5:34  Supply Depot  
  61  5:44  SCV  
  61  5:46  Siege Tank  
  65  5:53  Hellion  
  65  5:56  SCV  
  68  5:59  Supply Depot  
  68  6:08  Hellion, SCV  
  71  6:14  Hellion  
  76  6:18  Siege Tank  
  76  6:22  Supply Depot  
  76  6:27  Armory  
  76  6:29  Hellion  
  78  6:37  SCV  
  78  6:38  Refinery  
  78  6:39  SCV  
  77  6:49  SCV  
  77  6:52  SCV  
  79  7:01  Refinery, SCV  
  79  7:04  SCV  
  81  7:13  SCV  
  81  7:15  Thor  
  82  7:16  Terran Vehicle And Ship Armor Level 1, SCV  
  89  7:25  SCV  
  89  7:28  SCV  
  91  7:36  Thor  
  97  7:38  Engineering Bay, SCV  
  97  7:40  Supply Depot, Orbital Command  
  98  7:48  Armory  
  98  7:49  Factory Tech Lab  
  98  7:58  Siege Tank  
  101  8:07  Missile Turret  
  101  8:08  Missile Turret  
  101  8:10  Siege Tank  
  104  8:17  Command Center  
  104  8:27  Thor  
  104  8:32  Supply Depot  
  110  8:35  Terran Vehicle Weapons Level 1  
  110  8:44  Marauder  
  111  8:55  Supply Depot  
  111  9:00  Thor  
  117  9:03  Widow Mine  
  117  9:06  Marauder  
  121  9:14  Missile Turret  
  121  9:21  Widow Mine, Supply Depot  
  122  9:27  Marauder  
  112  9:40  Marine, Missile Turret  
  112  9:41  Marine  
  79  9:49  Marauder  
  43  9:58  Marine  
  14  10:10  Marauder  
  7  10:22  SCV  
  6  10:31  Factory Tech Lab, Marauder  
Tags
 
Composition
Mech
Matchup
TvT
Race
Terran
Spawn Locations
Cross Positions
Add a new tag
Caveats
  • Supply blocks, unpowered buildings, or Contaminate may cause inaccurate times.
  • Supply counts are checked every 10 seconds.